General information
- name: BNet
- type: Ladder team game (AT/RT)
- host: Battle.net
- saver: N00BTAC
map: Deadlock
- players: 8
- length: 39:04
- speed: Fast
- version: 1.26 W3XP
- replay type: Public
» download(209 KB)
Players
team 1 (loser)
PracticeMap (
orange | 58 APM | 1741 actions | 29:47)
5 Far Seer
3 Feral Spirit
2 Chain Lighting
4 Shadow Hunter
2 Healing Wave
2 Hex
» actions
| Assign group hotkey | 41 | |
| Basic commands | 76 | |
| Build / train | 66 | |
| Enter build submenu | 21 | |
| Enter hero's abilities submenu | 9 | |
| Give item / drop item | 4 | |
| Right click | 441 | |
| Select / deselect | 342 | |
| Select group hotkey | 653 | |
| Use ability | 88 | |
1741 total
» units
| Peon | 11 | |
| Grunt | 5 | |
| Centaur Outrunner | 1 | |
| Tauren | 5 | |
| Spirit Walker | 3 | |
25 total
» upgrades
| Berserker Strength | 1 | |
| Spirit Walker Training | 2 | |
| Armor | 2 | |
| Ranged Weapons | 3 | |
| Pulverize | 1 | |
| Reinforced Defenses | 1 | |
10 total
» buildings
| Altar of Storms | 1 | |
| Orc Burrow | 10 | |
| Barracks | 1 | |
| Voodoo Lounge | 1 | |
| Stronghold | 1 | |
| Fortress | 1 | |
| War Mill | 1 | |
| Spirit Lodge | 1 | |
| Great Hall | 1 | |
| Tauren Totem | 2 | |
20 total
» build order
00:09 Altar of Storms
00:15 Orc Burrow
00:47 Barracks
01:47 Orc Burrow
02:21 Voodoo Lounge
03:14 Orc Burrow
04:25 Stronghold
05:42 Orc Burrow
06:52 Fortress
06:57 War Mill
07:00 Spirit Lodge
08:11 Great Hall
08:53 Orc Burrow
09:01 Orc Burrow
09:20 Tauren Totem
09:31 Tauren Totem
21:11 Orc Burrow
21:13 Orc Burrow
21:16 Orc Burrow
21:18 Orc Burrow
» items
| Healing Salve | 3 | |
| Lesser Clarity Potion | 4 | |
| Scroll of Town Portal | 3 | |
| Potion of Healing | 2 | |
| Potion of Mana | 2 | |
| Scroll of Speed | 2 | |
| Orb of Lightning | 2 | |
18 total
juntakk (
pink | 31 APM | 1130 actions | 36:49)
8 Blademaster
3 Wind Walk
3 Critical Strike
1 Bladestorm
1 Mirror Image
» actions
| Assign group hotkey | 2 | |
| Basic commands | 2 | |
| Build / train | 89 | |
| ESC pressed | 7 | |
| Enter build submenu | 20 | |
| Enter hero's abilities submenu | 8 | |
| Give item / drop item | 2 | |
| Right click | 570 | |
| Select / deselect | 334 | |
| Select group hotkey | 7 | |
| Use ability | 89 | |
1130 total
» units
» upgrades
| Melee Weapons | 1 | |
| Ranged Weapons | 3 | |
| Armor | 4 | |
| Envenomed Spears | 1 | |
9 total
» buildings
| Altar of Storms | 2 | |
| Orc Burrow | 12 | |
| Voodoo Lounge | 1 | |
| War Mill | 1 | |
| Stronghold | 3 | |
| Beastiary | 2 | |
| Fortress | 2 | |
23 total
» build order
00:12 Altar of Storms
00:14 Orc Burrow
00:17 Orc Burrow
00:44 Voodoo Lounge
01:23 Orc Burrow
01:39 War Mill
02:03 Orc Burrow
03:10 Stronghold
03:10 Stronghold
05:03 Orc Burrow
05:05 Orc Burrow
05:32 Beastiary
05:34 Beastiary
08:03 Fortress
13:43 Orc Burrow
13:44 Orc Burrow
13:47 Orc Burrow
25:59 Altar of Storms
26:00 Orc Burrow
26:01 Orc Burrow
26:03 Orc Burrow
» items
| Lesser Clarity Potion | 3 | |
| Scroll of Speed | 3 | |
| Healing Salve | 7 | |
| Circlet of Nobility | 1 | |
| Boots of Speed | 1 | |
| Staff of Teleportation | 1 | |
| Orb of Lightning | 1 | |
| Potion of Healing | 1 | |
| Potion of Mana | 1 | |
19 total
GoatLord (
teal | 76 APM | 2981 actions | 39:03)
7 Blood Mage
3 Flame Strike
2 Siphon Mana
1 Summon Phoenix
1 Banish
» actions
| Assign group hotkey | 207 | |
| Basic commands | 257 | |
| Build / train | 102 | |
| Enter build submenu | 74 | |
| Enter hero's abilities submenu | 7 | |
| Give item / drop item | 9 | |
| Remove unit from queue | 3 | |
| Right click | 891 | |
| Select / deselect | 469 | |
| Select group hotkey | 662 | |
| Use ability | 300 | |
2981 total
» units
| Peasant | 19 | |
| Footman | 4 | |
| Sorceress | 3 | |
| Gryphon Rider | 3 | |
29 total
» upgrades
| Lumber Harvesting | 2 | |
| Masonry | 3 | |
| Sorceress Training | 1 | |
| Magic Sentry | 1 | |
| Storm Hammers | 1 | |
| Long Rifles | 0 | |
| Animal War Training | 1 | |
| Swords | 3 | |
| Armor | 3 | |
| Cloud | 1 | |
| Gunpowder | 2 | |
| Plating | 2 | |
20 total
» buildings
| Altar of Kings | 1 | |
| Barracks | 1 | |
| Farm | 14 | |
| Arcane Vault | 2 | |
| Keep | 1 | |
| Town Hall | 4 | |
| Lumber Mill | 2 | |
| Scout Tower | 101 | |
| Arcane Sanctum | 1 | |
| Guard Tower | 9 | |
| Arcane Tower | 6 | |
| Castle | 1 | |
| Gryphon Aviary | 6 | |
| Blacksmith | 2 | |
151 total
» build order
00:37 Altar of Kings
00:39 Barracks
00:54 Farm
01:05 Farm
01:06 Farm
02:14 Farm
03:06 Arcane Vault
03:54 Keep
04:18 Town Hall
04:24 Lumber Mill
05:23 Scout Tower
05:25 Scout Tower
05:27 Scout Tower
05:29 Scout Tower
06:32 Arcane Sanctum
06:44 Scout Tower
06:44 Scout Tower
06:45 Scout Tower
06:45 Scout Tower
06:48 Scout Tower
06:49 Scout Tower
06:51 Scout Tower
06:52 Scout Tower
06:55 Scout Tower
06:57 Scout Tower
07:07 Guard Tower
07:08 Scout Tower
07:19 Guard Tower
07:47 Arcane Tower
07:49 Guard Tower
08:15 Arcane Tower
08:21 Castle
08:54 Scout Tower
08:56 Scout Tower
08:57 Scout Tower
08:58 Scout Tower
09:02 Lumber Mill
09:36 Guard Tower
09:37 Scout Tower
09:40 Scout Tower
09:40 Scout Tower
09:41 Scout Tower
09:49 Scout Tower
09:49 Scout Tower
09:50 Scout Tower
09:51 Scout Tower
10:35 Guard Tower
10:40 Arcane Tower
11:29 Guard Tower
11:31 Gryphon Aviary
11:32 Gryphon Aviary
11:33 Gryphon Aviary
11:44 Gryphon Aviary
12:42 Guard Tower
15:15 Town Hall
15:17 Scout Tower
15:18 Scout Tower
15:18 Scout Tower
15:18 Scout Tower
15:19 Scout Tower
15:19 Scout Tower
15:20 Scout Tower
15:20 Scout Tower
15:21 Scout Tower
15:21 Scout Tower
15:21 Scout Tower
15:22 Scout Tower
15:23 Scout Tower
15:23 Scout Tower
15:24 Scout Tower
15:24 Scout Tower
15:28 Scout Tower
15:35 Blacksmith
15:38 Blacksmith
18:20 Farm
18:55 Town Hall
18:58 Scout Tower
18:58 Scout Tower
18:58 Scout Tower
18:58 Scout Tower
19:00 Scout Tower
19:00 Scout Tower
19:00 Scout Tower
19:01 Scout Tower
19:01 Scout Tower
19:02 Scout Tower
19:02 Scout Tower
19:02 Scout Tower
19:03 Scout Tower
19:04 Scout Tower
19:04 Scout Tower
19:05 Scout Tower
19:06 Scout Tower
19:06 Scout Tower
19:06 Scout Tower
19:07 Scout Tower
19:24 Farm
19:25 Farm
19:27 Farm
19:27 Farm
19:28 Farm
19:28 Farm
19:29 Farm
19:30 Farm
19:30 Farm
19:47 Gryphon Aviary
19:47 Gryphon Aviary
21:05 Guard Tower
21:08 Guard Tower
24:53 Town Hall
24:57 Arcane Vault
31:12 Scout Tower
31:13 Scout Tower
31:14 Scout Tower
31:15 Scout Tower
31:17 Scout Tower
31:19 Scout Tower
31:21 Scout Tower
31:22 Scout Tower
31:24 Scout Tower
31:27 Scout Tower
31:29 Scout Tower
31:31 Scout Tower
32:09 Scout Tower
32:10 Scout Tower
32:12 Scout Tower
32:14 Scout Tower
32:16 Scout Tower
32:17 Scout Tower
32:22 Scout Tower
32:23 Scout Tower
32:25 Scout Tower
32:30 Scout Tower
32:31 Scout Tower
32:34 Scout Tower
32:35 Scout Tower
32:37 Scout Tower
32:38 Scout Tower
32:39 Scout Tower
32:53 Scout Tower
32:54 Scout Tower
32:55 Scout Tower
32:56 Scout Tower
32:57 Scout Tower
32:58 Scout Tower
33:01 Scout Tower
33:02 Scout Tower
33:03 Scout Tower
34:28 Arcane Tower
34:29 Arcane Tower
34:31 Arcane Tower
» items
| Boots of Speed | 1 | |
| Potion of Mana | 5 | |
| Lesser Clarity Potion | 6 | |
| Potion of Invisibility | 2 | |
| Scroll of Town Portal | 5 | |
| Staff of Teleportation | 1 | |
| Potion of Healing | 2 | |
| Scroll of Regeneration | 3 | |
25 total

»
t1fail (
red | 26 APM | 980 actions | 38:20)
6 Blademaster
3 Wind Walk
2 Critical Strike
1 Bladestorm
» actions
| Basic commands | 19 | |
| Build / train | 73 | |
| Enter build submenu | 31 | |
| Enter hero's abilities submenu | 6 | |
| Give item / drop item | 1 | |
| Right click | 369 | |
| Select / deselect | 413 | |
| Use ability | 68 | |
980 total
» units
| Peon | 18 | |
| Troll Headhunter/Berserker | 20 | |
| Shaman | 5 | |
| Troll Witch Doctor | 4 | |
47 total
» upgrades
| Ranged Weapons | 2 | |
| Troll Regeneration | 1 | |
| Armor | 2 | |
| Witch Doctor Training | 2 | |
| Shaman Training | 2 | |
| Reinforced Defenses | 1 | |
| Berserker Upgrade | 1 | |
| Spiked Barricades | 1 | |
12 total
» buildings
| Altar of Storms | 1 | |
| Orc Burrow | 7 | |
| War Mill | 1 | |
| Barracks | 1 | |
| Stronghold | 1 | |
| Voodoo Lounge | 1 | |
| Spirit Lodge | 2 | |
| Great Hall | 1 | |
| Fortress | 1 | |
| Watch Tower | 17 | |
33 total
» build order
00:03 Altar of Storms
00:05 Orc Burrow
00:58 War Mill
01:03 Barracks
02:00 Orc Burrow
02:56 Orc Burrow
03:33 Stronghold
03:52 Orc Burrow
04:49 Voodoo Lounge
06:00 Spirit Lodge
07:18 Spirit Lodge
08:40 Orc Burrow
09:51 Great Hall
10:43 Fortress
10:47 Orc Burrow
10:51 Orc Burrow
19:03 Watch Tower
19:05 Watch Tower
19:08 Watch Tower
20:11 Watch Tower
20:13 Watch Tower
22:07 Watch Tower
22:09 Watch Tower
22:42 Watch Tower
22:45 Watch Tower
22:50 Watch Tower
22:51 Watch Tower
23:59 Watch Tower
24:03 Watch Tower
24:06 Watch Tower
24:09 Watch Tower
24:11 Watch Tower
24:13 Watch Tower
» items
| Scroll of Town Portal | 2 | |
| Healing Salve | 2 | |
| Orb of Lightning | 1 | |
5 total
team 2 (winner)
jemco1 (
blue | 40 APM | 783 actions | 19:36)
2 Archmage
1 Summon Water Elemental
1 Brilliance Aura
1 Blood Mage
1 Siphon Mana
1 Mountain King
1 Storm Bolt
» actions
| Assign group hotkey | 2 | |
| Basic commands | 1 | |
| Build / train | 53 | |
| Enter build submenu | 12 | |
| Enter hero's abilities submenu | 4 | |
| Give item / drop item | 1 | |
| Right click | 441 | |
| Select / deselect | 226 | |
| Select group hotkey | 3 | |
| Use ability | 40 | |
783 total
» units
| Peasant | 28 | |
| Priest | 4 | |
| Sorceress | 6 | |
38 total
» upgrades
| Sorceress Training | 2 | |
| Priest Training | 2 | |
| Control Magic | 1 | |
5 total
» buildings
| Altar of Kings | 1 | |
| Farm | 9 | |
| Keep | 1 | |
| Arcane Sanctum | 3 | |
| Lumber Mill | 1 | |
| Castle | 1 | |
| Arcane Vault | 1 | |
17 total
» build order
01:01 Altar of Kings
01:22 Farm
01:59 Farm
02:08 Farm
03:09 Keep
03:18 Farm
03:19 Farm
04:39 Farm
04:40 Farm
05:35 Arcane Sanctum
05:39 Arcane Sanctum
05:54 Lumber Mill
05:59 Castle
08:37 Arcane Sanctum
10:03 Arcane Vault
12:02 Farm
12:03 Farm
» items
ciradelcarmen (
green | 22 APM | 384 actions | 17:49)
4 Crypt Lord
2 Spiked Carapace
2 Impale
» actions
| Build / train | 55 | |
| Enter build submenu | 13 | |
| Enter hero's abilities submenu | 4 | |
| Right click | 149 | |
| Select / deselect | 137 | |
| Use ability | 26 | |
384 total
» units
| Acolyte | 16 | |
| Crypt Fiend | 11 | |
| Ghoul | 4 | |
31 total
» upgrades
| Web | 1 | |
| Creature Carapace | 2 | |
| Creature Attack | 3 | |
6 total
» buildings
| Ziggurat | 8 | |
| Altar of Darkness | 1 | |
| Graveyard | 1 | |
| Crypt | 2 | |
| Spirit Tower | 7 | |
| Nerubian Tower | 1 | |
| Tomb of Relics | 1 | |
| Halls of the Dead | 1 | |
| Black Citadel | 1 | |
23 total
» build order
00:21 Ziggurat
00:24 Altar of Darkness
00:45 Graveyard
01:14 Crypt
01:26 Crypt
01:41 Ziggurat
02:46 Spirit Tower
03:11 Nerubian Tower
03:55 Tomb of Relics
04:02 Halls of the Dead
04:37 Ziggurat
05:19 Ziggurat
05:36 Spirit Tower
07:06 Black Citadel
07:21 Spirit Tower
11:01 Ziggurat
11:04 Ziggurat
11:49 Ziggurat
11:54 Ziggurat
12:10 Spirit Tower
12:50 Spirit Tower
17:19 Spirit Tower
17:21 Spirit Tower
» items
| Dust of Appearance | 1 | |
| Potion of Mana | 1 | |
| Potion of Lesser Invulnerability | 1 | |
3 total

»
N00BTAC (
yellow | 90 APM | 3515 actions | 39:04)
5 Death Knight
3 Death Coil
2 Unholy Aura
4 Crypt Lord
2 Spiked Carapace
2 Impale
» actions
| Assign group hotkey | 57 | |
| Basic commands | 48 | |
| Build / train | 221 | |
| ESC pressed | 4 | |
| Enter build submenu | 56 | |
| Enter hero's abilities submenu | 9 | |
| Give item / drop item | 6 | |
| Right click | 1415 | |
| Select / deselect | 606 | |
| Select group hotkey | 948 | |
| Use ability | 145 | |
3515 total
» units
| Acolyte | 20 | |
| Ghoul | 9 | |
| Crypt Fiend | 16 | |
| Centaur Outrunner | 4 | |
| Obsidian Statue | 5 | |
| Gargoyle | 28 | |
| Abomination | 3 | |
| Peasant | 12 | |
97 total
» upgrades
| Creature Attack | 3 | |
| Creature Carapace | 4 | |
| Web | 1 | |
| Destroyer Form | 1 | |
| Burrow | 1 | |
| Ghoul Frenzy | 1 | |
| Unholy Armor | 4 | |
| Masonry | 3 | |
| Disease Cloud | 1 | |
| Magic Sentry | 1 | |
| Unholy Strength | 3 | |
| Backpack | 1 | |
| Stone Form | 1 | |
| Cannibalize | 1 | |
| Exhume Corpses | 1 | |
| Necromancer Training | 1 | |
| Banshee Training | 1 | |
| Skeletal Mastery | 1 | |
| Skeletal Longevity | 1 | |
31 total
» buildings
| Altar of Darkness | 1 | |
| Ziggurat | 19 | |
| Crypt | 4 | |
| Graveyard | 4 | |
| Tomb of Relics | 1 | |
| Nerubian Tower | 13 | |
| Necropolis | 4 | |
| Halls of the Dead | 6 | |
| Spirit Tower | 20 | |
| Slaughterhouse | 1 | |
| Black Citadel | 2 | |
| Scout Tower | 11 | |
| Guard Tower | 5 | |
| Temple of the Damned | 2 | |
93 total
» build order
00:07 Altar of Darkness
00:08 Ziggurat
00:31 Crypt
00:56 Graveyard
01:14 Tomb of Relics
01:29 Ziggurat
01:50 Nerubian Tower
01:50 Nerubian Tower
01:50 Nerubian Tower
03:24 Ziggurat
05:24 Necropolis
05:34 Halls of the Dead
05:35 Halls of the Dead
05:59 Ziggurat
06:13 Ziggurat
06:53 Spirit Tower
07:08 Spirit Tower
07:08 Spirit Tower
07:09 Ziggurat
08:01 Nerubian Tower
08:01 Nerubian Tower
08:04 Ziggurat
08:33 Spirit Tower
08:33 Spirit Tower
08:37 Ziggurat
09:00 Spirit Tower
09:01 Spirit Tower
09:40 Spirit Tower
09:40 Spirit Tower
09:53 Slaughterhouse
11:19 Crypt
11:20 Black Citadel
19:09 Ziggurat
19:11 Ziggurat
19:41 Scout Tower
19:43 Scout Tower
20:07 Spirit Tower
20:07 Spirit Tower
20:08 Spirit Tower
20:09 Spirit Tower
20:09 Spirit Tower
23:23 Crypt
23:27 Crypt
25:57 Scout Tower
25:58 Scout Tower
25:59 Scout Tower
26:00 Scout Tower
26:01 Scout Tower
26:06 Scout Tower
26:35 Guard Tower
26:35 Guard Tower
26:35 Guard Tower
27:36 Ziggurat
30:25 Scout Tower
30:31 Scout Tower
30:32 Scout Tower
30:53 Nerubian Tower
32:56 Necropolis
33:01 Graveyard
33:03 Graveyard
33:07 Graveyard
33:09 Ziggurat
33:10 Ziggurat
33:13 Ziggurat
33:22 Necropolis
33:58 Temple of the Damned
33:59 Temple of the Damned
35:38 Ziggurat
35:39 Ziggurat
35:41 Ziggurat
35:45 Halls of the Dead
35:46 Halls of the Dead
35:48 Spirit Tower
35:49 Nerubian Tower
35:49 Nerubian Tower
36:41 Nerubian Tower
36:41 Spirit Tower
37:19 Ziggurat
37:20 Ziggurat
37:23 Necropolis
» items
| Rod of Necromancy | 1 | |
| Sacrificial Skull | 1 | |
| Dust of Appearance | 1 | |
| Boots of Speed | 2 | |
| Staff of Teleportation | 1 | |
| Scroll of Town Portal | 6 | |
| Potion of Healing | 1 | |
| Orb of Corruption | 1 | |
| Scroll of Healing | 2 | |
| Potion of Lesser Invulnerability | 2 | |
| Periapt of Vitality | 1 | |
19 total

»
LiNx (
purple | 20 APM | 359 actions | 17:56)
1 Dreadlord
1 Vampiric Aura
» actions
| Basic commands | 5 | |
| Build / train | 57 | |
| Enter build submenu | 18 | |
| Enter hero's abilities submenu | 1 | |
| Right click | 105 | |
| Select / deselect | 142 | |
| Use ability | 31 | |
359 total
» units
| Acolyte | 23 | |
| Ghoul | 6 | |
| Crypt Fiend | 4 | |
| Necromancer | 5 | |
38 total
» upgrades
| Web | 1 | |
| Necromancer Training | 1 | |
| Skeletal Longevity | 1 | |
| Unholy Strength | 1 | |
| Creature Attack | 1 | |
5 total
» buildings
| Crypt | 1 | |
| Ziggurat | 10 | |
| Altar of Darkness | 1 | |
| Graveyard | 1 | |
| Nerubian Tower | 2 | |
| Spirit Tower | 6 | |
| Halls of the Dead | 1 | |
| Temple of the Damned | 2 | |
| Tomb of Relics | 1 | |
25 total
» build order
00:11 Crypt
00:15 Ziggurat
00:35 Altar of Darkness
01:53 Graveyard
02:29 Ziggurat
02:42 Ziggurat
02:49 Nerubian Tower
03:26 Ziggurat
03:35 Spirit Tower
03:55 Ziggurat
04:39 Spirit Tower
04:49 Spirit Tower
05:59 Ziggurat
07:08 Halls of the Dead
07:12 Spirit Tower
08:55 Ziggurat
09:03 Ziggurat
09:33 Temple of the Damned
09:38 Temple of the Damned
10:07 Tomb of Relics
12:20 Ziggurat
12:59 Nerubian Tower
13:11 Spirit Tower
13:18 Ziggurat
15:23 Spirit Tower
» items
| Scroll of Town Portal | 1 | |
| Sacrificial Skull | 2 | |
3 total
Chat log
(00:33 / Allies) ciradelcarmen: fiend rush the orcs?
(00:56 / Allies) ciradelcarmen: guys?
(01:00 / Allies) N00BTAC: awful idea
(01:06 / Allies) N00BTAC: ud vs orc is most imbalanced matchup in the game
(01:09 / Allies) N00BTAC: according to the pros still palying
(01:19 / Allies) ciradelcarmen: k now i know thx
(01:51 / Allies) ciradelcarmen: we wait for the bats to come i guess
(01:56 / Allies) ciradelcarmen: this should be fun
(02:08 / Allies) N00BTAC: free win for them if they're not terrible
(02:17 / Allies) LiNx: i'm ok with ghoul rush with vamp aura
(02:18 / Allies) LiNx: ha
(02:36 / Allies) LiNx: i hate bm
(02:37 / Allies) ciradelcarmen: yellow has already given up lol
(02:49 / Allies) N00BTAC: was buying rod of necromancy
(03:45 / All) juntakk: fuck u kid
(10:45 / Allies) LiNx: thats fcuked
(10:51 / Allies) N00BTAC: ?
(10:52 / All) juntakk: lol
(11:02 / All) N00BTAC: forced a tp killed peons and only lost 1 fiend
(11:04 / All) N00BTAC: cost effective
(13:41 / Allies) jemco1: do i have a team
(13:45 / Allies) jemco1: jesus christ
(14:04 / Allies) jemco1: yelllow jackass
(14:08 / Allies) jemco1: wtf are you doing
(14:09 / Allies) N00BTAC: buying items
(14:40 / Allies) jemco1: gold me
(14:46 / Allies) jemco1: yellow
(14:48 / Allies) N00BTAC: i will for wood
(15:02 / Allies) jemco1: you fucks suck dick
(15:05 / Allies) N00BTAC: lol
(15:28 / Allies) ciradelcarmen: you lost your whole army to wyvs bro shutup
(15:30 / All) juntakk: only if he pumps
(15:45 / Allies) jemco1: yes i lost my whole army becuase you fucks would not tp
(16:16 / Allies) ciradelcarmen: i can't even keep acolyts on my mine this is dumb
(16:21 / Allies) ciradelcarmen: glad we didn't rush
(16:44 / All) GoatLord: that's k blue and green I got something for ya
(17:01 / All) PracticeMap: lol
(17:08 / All) PracticeMap: so mean
(18:15 / Allies) jemco1: you gys suck so bad its horrible
(18:20 / Allies) N00BTAC: lol
(19:25 / Allies) N00BTAC: so bad
(21:51 / All) N00BTAC: Time for you to leave
(21:59 / All) PracticeMap: lol
(23:39 / All) PracticeMap: i gave u lumber
(23:47 / All) GoatLord: You funded your own destruction
(23:51 / All) PracticeMap: lol
(23:52 / All) t1fail: yellow you know teal gonna make that
(24:29 / All) t1fail: tp to me oj
(24:45 / All) t1fail: tp
(24:46 / All) GoatLord: ready to dance, red?
(26:45 / All) t1fail: hh
(26:47 / All) t1fail: gg
(26:50 / All) N00BTAC: gg
(26:53 / All) t1fail: i hate that
(27:03 / All) t1fail: why they make the option tk
(27:06 / All) GoatLord: noobs hate what they can't understand
(27:21 / All) t1fail: sure teal sure
(27:49 / All) GoatLord: don't you get it pink?
(27:54 / All) GoatLord: we have been working in collusion
(28:00 / All) GoatLord: we made a secret pact before the game ever began
(28:08 / All) t1fail: you seems to be a nice bs whos play wc3 all day and laph when you tk whit you homo boyfriends beside you,,,
(28:21 / All) GoatLord: hey now you're getting it!
(28:41 / All) t1fail: ahaha your a funnny guy ;)
(28:55 / All) GoatLord: Egads
(28:59 / All) GoatLord: Ain't never heard that one before
(29:09 / All) N00BTAC: Did you make up that line yourself?
(29:38 / All) t1fail: no i willl wait all the game
(30:40 / All) t1fail: byebye
(30:44 / All) N00BTAC: bye
(30:48 / All) t1fail: ill go game LOL
(30:53 / All) t1fail: no i dont quit
(31:00 / All) t1fail: ill wait you kill all towers
(31:12 / All) N00BTAC: ok omw to your base
(31:20 / All) N00BTAC: I can take care of you easily
(31:21 / All) t1fail: not mine
(33:52 / All) GoatLord: let red a nice little message
(34:07 / All) juntakk: lol
(36:15 / All) juntakk: HAHA ICE
(36:17 / All) juntakk: NICE
(36:58 / All) N00BTAC: Time for you to leave red
(36:58 / All) GoatLord: go ahead and leave red
(37:01 / All) GoatLord: save us the trouble
(37:33 / All) t1fail: im still waiting
(37:38 / All) GoatLord: for what?
(37:56 / All) t1fail: gg
(38:00 / All) t1fail: very gay
(38:26 / All) GoatLord: stats em all
(38:33 / All) N00BTAC: blue is 12-10
(38:46 / All) N00BTAC: green is 81-85
(38:51 / All) N00BTAC: purple is 6-15
(38:54 / All) N00BTAC: what a beast
(38:58 / All) GoatLord: lol
(39:00 / All) GoatLord: my team lose
(39:03 / All) N00BTAC: kk